Jets vs BlackHawks

Created - November-15-14 at 14:34

Goals
1 2 3 T
Jets 1 0 2 3
BlackHawks 1 0 0 1
Shots
1 2 3 T
Jets 17 12 17 46
BlackHawks 6 4 3 13

1st period

1. BlackHawks , Brandon Bollig 3 (Trevor Lewis, Jarred Tinordi) at 2:12
2. Jets , Connor Murphy 3 (Joe Pavelski, Kimmo Timonen) at 4:48 (PP)

Penalties :
Dion Phaneuf (CHI) for High sticking (Minor) at 4:08, Troy Brouwer (WPG) for Goalie Interference (Minor) at 11:54, Scott Hartnell (CHI) for Spearing (Major / Game Misconduct) at 12:28, Jamie Benn (WPG) for Roughing (Minor) at 13:31, Chris Stewart (CHI) for Roughing (Minor) at 18:39

2nd period

No Goal

Penalties :
Anders Lee (WPG) for Interference (Minor) at 2:04, Dion Phaneuf (CHI) for Hooking (Minor) at 8:32

3rd period

3. Jets , Jason Garrison 3 (Corey Perry, Joe Pavelski) at 16:21 (PP)
4. Jets , Jonathan Ericsson 2 (Joe Pavelski, Anders Lee) at 19:24 (Empty Net)

Penalties :
Matt Greene (CHI) for Interference (Minor) at 5:13, Ron Hainsey (WPG) for Hooking (Minor) at 7:49, Jonathan Ericsson (WPG) for Hooking (Minor) at 12:40, Zack Smith (CHI) for Hooking (Minor) at 15:12

Goalie Stats

Cory Schneider (WPG), 12 saves from 13 shots - (0.923), W, 11-3-1, 60:00 minutes
Eddie Lack (CHI), 43 saves from 45 shots - (0.956), L, 3-7-2, 59:12 minutes

Players Stats for Jets

Player Name              G  A  P  +/- PIM S  H  SB GA TA FO     MP     PP MP  PK MP  
------------------------------------------------------------------------------------
Anders Lee               0  1  1   0  2   2  1  0  0  0  0/1    19:13   4:44   0:40 
Andre Benoit             0  0  0   1  0   2  0  0  0  0  0/0    21:06   4:09   3:39 
Boyd Gordon              0  0  0   0  0   1  0  0  0  0  14/20  10:31   0:00   5:26 
Connor Murphy            1  0  1  -1  0   2  2  1  0  0  0/0    24:57   5:06   3:00 
Corey Perry              0  1  1   0  0   6  1  0  0  0  0/0    20:31   4:59   0:00 
Jamie Benn               0  0  0   0  2   3  0  0  0  0  16/26  19:54   4:44   2:52 
Jason Garrison           1  0  1   0  0   1  0  0  0  0  0/0    18:57   4:13   1:10 
Joe Pavelski             0  3  3   0  0   8  0  0  0  0  20/37  24:54   4:59   0:25 
Jonathan Ericsson        1  0  1   1  2   4  3  1  0  0  0/0    15:53   0:41   2:14 
Josh Bailey              0  0  0   0  0   1  0  0  0  0  0/0     9:51   0:00   0:00 
Kimmo Timonen            0  1  1  -1  0   2  1  1  0  0  0/0    25:17   4:49   3:37 
Martin St. Louis         0  0  0   0  0   4  0  0  0  0  0/1    22:12   4:59   3:09 
Matt Read                0  0  0   0  0   0  1  0  0  0  0/0     3:49   0:00   0:32 
Nick Bonino              0  0  0   0  0   3  1  0  0  0  5/12    9:51   0:00   0:00 
Nicklas Grossmann        0  0  0   0  0   0  1  0  0  0  0/0     6:19   0:28   0:06 
Pascal Dupuis            0  0  0   0  0   1  2  1  0  0  0/0    12:35   0:00   0:20 
Ron Hainsey              0  0  0   0  2   0  2  0  0  0  0/0     7:29   0:00   0:00 
Troy Brouwer             0  0  0   0  2   6  4  0  0  0  0/1    16:41   4:44   0:00 

Players Stats for BlackHawks

Player Name              G  A  P  +/- PIM S  H  SB GA TA FO     MP     PP MP  PK MP  
------------------------------------------------------------------------------------
Alex Galchenyuk          0  0  0   0  0   2  1  0  0  0  11/25  22:30   3:41   1:30 
Alexei Emelin            0  0  0   0  0   0  1  5  0  0  0/0    23:43   2:58   5:16 
Brandon Bollig           1  0  1   1  0   1  3  1  0  0  2/4    26:14   3:04   3:58 
Chris Stewart            0  0  0   0  2   2  3  0  0  0  0/2    20:11   3:41   0:00 
Dion Phaneuf             0  0  0   0  4   0  3  1  0  0  0/0    22:38   3:44   3:27 
Douglas Murray           0  0  0   1  0   0  3  1  0  0  0/0     7:53   2:50   0:00 
Dwight King              0  0  0  -1  0   3  0  0  0  0  1/4    22:51   0:35   4:44 
Jared Boll               0  0  0  -1  0   0  2  0  0  0  0/1    14:29   0:00   0:00 
Jarred Tinordi           0  1  1   1  0   0  1  1  0  0  0/0    15:44   0:00   1:06 
Kevin Bieksa             0  0  0  -1  0   0  1  1  0  0  0/0    23:47   4:31   5:37 
Lars Eller               0  0  0  -1  0   1  0  1  0  0  11/32  19:21   2:50   0:00 
Luke Schenn              0  0  0   0  0   0  2  1  0  0  0/0    11:10   0:00   0:00 
Matt Greene              0  0  0  -1  2   0  6  0  0  0  0/0    17:52   1:49   4:00 
Nathan Horton            0  0  0   0  0   3  0  0  0  0  0/1     9:32   2:50   0:00 
Patrick Bordeleau        0  0  0   1  0   0  1  0  0  0  0/0     4:56   0:00   0:00 
Scott Hartnell           0  0  0   0  15  0  0  0  0  0  0/0     3:54   0:01   0:00 
Trevor Lewis             0  1  1   1  0   0  1  1  0  0  6/11    9:05   0:00   4:36 
Zack Smith               0  0  0   0  2   1  1  0  0  0  12/18  11:19   0:00   4:38 

3 Stars

1 - Brandon Bollig (CHI)
2 - Eddie Lack (CHI)
3 - Joe Pavelski (WPG)

Power Play

Jets - 2 on 6 Attempt(s) - 33.33%
BlackHawks - 0 on 5 Attempt(s) - 0.00%

Penalty Kill

Jets - 5 on 5 Attempt(s) - 100.00% - Score 0 goal in Penalty Kill
BlackHawks - 4 on 6 Attempt(s) - 66.67% - Score 0 goal in Penalty Kill

Official

Referees : Marc Joannette and Tim Peel
Linesman : Lonnie Cameron and Scott Driscoll

Game Notes

Matt Read is injured at 12:26 of 1st period (Bruised Left Arm)
Scott Hartnell ejected from game at 12:28 of 1st period
Jonathan Ericsson has scored in a empty net!

Finance

Level 1 -- Attendance: 3445 (53.00%) -- Ticket Income $516,750
Level 2 -- Attendance: 2795 (55.90%) -- Ticket Income $313,040
Level 3 -- Attendance: 1998 (57.09%) -- Ticket Income $159,840
Level 4 -- Attendance: 1656 (36.80%) -- Ticket Income $94,392
Luxury Box -- Attendance: 575 (57.50%) -- Ticket Income $172,500
Game was played at the United Center
Total Attendance: 10469 (51.07%)
Total Ticket Income: $1,256,522
Other Income: $188,478
Total Income: $1,445,000

% Time on Ice - Jets

Lines # - Real PCT - Wanted PCT - Time Play
Normal Forward
1 - 34% - 41% - 13:50
2 - 29% - 30% - 11:58
3 - 24% - 19% - 9:51
4 - 12% - 10% - 5:05
Normal Defense
1 - 38% - 43% - 15:32
2 - 29% - 34% - 11:57
3 - 18% - 13% - 7:30
4 - 14% - 10% - 5:45
PP Forward
1 - 51% - 60% - 4:59
2 - 49% - 40% - 4:44
PP Defense
1 - 50% - 70% - 4:49
2 - 50% - 30% - 4:54
PK Forward
1 - 100% - 75% - 6:31
2 - 0% - 25% - 0:00
PK Defense
1 - 60% - 60% - 3:56
2 - 40% - 40% - 2:35
PK3 Forward
1 - 100% - 70% - 0:22
2 - 0% - 30% - 0:00
PK3 Defense
1 - 77% - 60% - 0:17
2 - 23% - 40% - 0:05
44 Forward
1 - 64% - 60% - 1:42
2 - 36% - 40% - 0:58
44 Defense
1 - 49% - 51% - 1:19
2 - 51% - 49% - 1:21
Last Minute Offensive  - 0:00
Last Minute Defensive  - 0:00
Total
Forward - 60:00
Defense - 60:00

% Time on Ice - BlackHawks

Lines # - Real PCT - Wanted PCT - Time Play
Normal Forward
1 - 37% - 32% - 15:04
2 - 36% - 28% - 14:29
3 - 16% - 22% - 6:42
4 - 11% - 18% - 4:29
Normal Defense
1 - 34% - 37% - 14:02
2 - 30% - 25% - 12:04
3 - 24% - 23% - 9:35
4 - 12% - 15% - 5:03
PP Forward
1 - 57% - 55% - 3:41
2 - 43% - 45% - 2:50
PP Defense
1 - 57% - 60% - 3:44
2 - 43% - 40% - 2:47
PK Forward
1 - 53% - 55% - 5:07
2 - 47% - 45% - 4:36
PK Defense
1 - 64% - 55% - 6:11
2 - 36% - 45% - 3:32
PK3 Forward
1 - 0% - 50%
2 - 0% - 50%
PK3 Defense
1 - 0% - 55%
2 - 0% - 45%
44 Forward
1 - 81% - 55% - 2:27
2 - 19% - 45% - 0:35
44 Defense
1 - 48% - 55% - 1:27
2 - 52% - 45% - 1:35
Last Minute Offensive  - 0:00
Last Minute Defensive  - 0:00
Total
Forward - 60:00
Defense - 60:00

Play by Play

1st period


0:01 of 1st period - Joe Pavelski wins face-off versus Alex Galchenyuk in neutral zone.
0:06 of 1st period - Shot by Joe Pavelski.
0:06 of 1st period - Stopped by Eddie Lack without a rebound.
0:07 of 1st period - Dwight King wins face-off versus Jamie Benn in BlackHawks zone.
0:07 of 1st period - Dwight King is hit by Troy Brouwer.
0:23 of 1st period - Kevin Bieksa is hit by Troy Brouwer and loses puck.
0:42 of 1st period - Shot by Jamie Benn.
0:42 of 1st period - Stopped by Eddie Lack without a rebound.
0:43 of 1st period - Zack Smith wins face-off versus Joe Pavelski in BlackHawks zone.
0:43 of 1st period - Zack Smith is hit by Anders Lee.
0:58 of 1st period - Nathan Horton is hit by Connor Murphy and loses puck.
1:11 of 1st period - Shot by Anders Lee.
1:11 of 1st period - Stopped by Eddie Lack without a rebound.
1:12 of 1st period - Alex Galchenyuk wins face-off versus Nick Bonino in BlackHawks zone.
1:36 of 1st period - Shot by Chris Stewart.
1:36 of 1st period - Stopped by Cory Schneider without a rebound.
1:37 of 1st period - Trevor Lewis wins face-off versus Joe Pavelski in Jets zone.
1:41 of 1st period - Patrick Bordeleau is hit by Kimmo Timonen and loses puck.
2:10 of 1st period - Shot by Jarred Tinordi.
2:10 of 1st period - Shot Blocked by Connor Murphy.
2:12 of 1st period - Shot by Trevor Lewis.
2:12 of 1st period - Deflect By Brandon Bollig.
2:12 of 1st period - The goal is going for a video replay.
2:12 of 1st period - The goal is good.
2:12 of 1st period - Goal by Brandon Bollig - Jets : 0 - BlackHawks : 1.
2:13 of 1st period - Boyd Gordon wins face-off versus Alex Galchenyuk in neutral zone.
2:51 of 1st period - Pascal Dupuis is hit by Dion Phaneuf and loses puck.
3:05 of 1st period - Off-side.
3:06 of 1st period - Jamie Benn wins face-off versus Zack Smith in neutral zone.
3:08 of 1st period - Andre Benoit is hit by Luke Schenn and loses puck.
3:27 of 1st period - Shot by Martin St. Louis.
3:27 of 1st period - Stopped by Eddie Lack without a rebound.
3:28 of 1st period - Joe Pavelski wins face-off versus Lars Eller in BlackHawks zone.
3:31 of 1st period - Shot by Connor Murphy.
3:31 of 1st period - Stopped by Eddie Lack without a rebound.
3:32 of 1st period - Joe Pavelski wins face-off versus Dwight King in BlackHawks zone.
3:35 of 1st period - Shot by Joe Pavelski.
3:35 of 1st period - Stopped by Eddie Lack without a rebound.
3:36 of 1st period - Lars Eller wins face-off versus Nick Bonino in BlackHawks zone.
3:53 of 1st period - Shot by Jonathan Ericsson.
3:53 of 1st period - Stopped by Eddie Lack without a rebound.
3:54 of 1st period - Joe Pavelski wins face-off versus Brandon Bollig in BlackHawks zone.
4:01 of 1st period - Shot by Anders Lee.
4:01 of 1st period - Shot Blocked by Brandon Bollig.
4:03 of 1st period - Shot by Anders Lee.
4:03 of 1st period - Shot Misses the Net.
4:05 of 1st period - Shot by Connor Murphy.
4:05 of 1st period - Shot Blocked by Alexei Emelin.
4:07 of 1st period - Shot by Anders Lee.
4:07 of 1st period - Shot Misses the Net.
4:08 of 1st period - Minor Penalty to Dion Phaneuf for High sticking.
4:09 of 1st period - Zack Smith wins face-off versus Joe Pavelski in BlackHawks zone.
4:44 of 1st period - Shot by Joe Pavelski.
4:44 of 1st period - Shot Hit the Post.
4:46 of 1st period - Shot by Joe Pavelski.
4:46 of 1st period - Shot Misses the Net.
4:48 of 1st period - Shot by Connor Murphy.
4:48 of 1st period - Goal by Connor Murphy - Jets : 1 - BlackHawks : 1.
4:49 of 1st period - Nick Bonino wins face-off versus Alex Galchenyuk in neutral zone.
5:12 of 1st period - Chris Stewart is hit by Matt Read and loses puck.
6:05 of 1st period - Shot by Dwight King.
6:05 of 1st period - Stopped by Cory Schneider without a rebound.
6:06 of 1st period - Zack Smith wins face-off versus Joe Pavelski in Jets zone.
6:33 of 1st period - Shot by Brandon Bollig.
6:33 of 1st period - Shot Misses the Net.
6:35 of 1st period - Shot by Kevin Bieksa.
6:35 of 1st period - Shot Misses the Net.
6:37 of 1st period - Shot by Zack Smith.
6:37 of 1st period - Stopped by Cory Schneider without a rebound.
6:38 of 1st period - Jamie Benn wins face-off versus Lars Eller in Jets zone.
6:43 of 1st period - Shot by Martin St. Louis.
6:43 of 1st period - Stopped by Eddie Lack without a rebound.
6:44 of 1st period - Jamie Benn wins face-off versus Lars Eller in BlackHawks zone.
6:48 of 1st period - Icing by Lars Eller.
6:49 of 1st period - Joe Pavelski wins face-off versus Dwight King in BlackHawks zone.
6:50 of 1st period - Shot by Anders Lee.
6:50 of 1st period - Shot Blocked by Alexei Emelin.
7:02 of 1st period - Shot by Dwight King.
7:02 of 1st period - Shot Misses the Net.
7:04 of 1st period - Shot by Lars Eller.
7:04 of 1st period - Deflect By Dwight King.
7:04 of 1st period - Stopped by Cory Schneider without a rebound.
7:05 of 1st period - Jamie Benn wins face-off versus Trevor Lewis in Jets zone.
7:05 of 1st period - Jamie Benn is hit by Patrick Bordeleau.
7:38 of 1st period - Jamie Benn is hit by Douglas Murray and loses puck.
8:04 of 1st period - Off-side.
8:05 of 1st period - Joe Pavelski wins face-off versus Alex Galchenyuk in neutral zone.
8:34 of 1st period - Shot by Scott Hartnell.
8:34 of 1st period - Deflect By Alex Galchenyuk.
8:34 of 1st period - Stopped by Cory Schneider without a rebound.
8:35 of 1st period - Nick Bonino wins face-off versus Lars Eller in Jets zone.
8:37 of 1st period - Matt Read is hit by Jared Boll and loses puck.
8:42 of 1st period - Shot by Nick Bonino.
8:42 of 1st period - Stopped by Eddie Lack without a rebound.
8:43 of 1st period - Lars Eller wins face-off versus Nick Bonino in BlackHawks zone.
9:12 of 1st period - Icing by Matt Greene.
9:13 of 1st period - Joe Pavelski wins face-off versus Lars Eller in BlackHawks zone.
9:20 of 1st period - Shot by Anders Lee.
9:20 of 1st period - Shot Misses the Net.
9:22 of 1st period - Shot by Kimmo Timonen.
9:22 of 1st period - Shot Blocked by Lars Eller.
9:26 of 1st period - Shot by Corey Perry.
9:26 of 1st period - Stopped by Eddie Lack with a rebound.
10:49 of 1st period - Shot by Troy Brouwer.
10:49 of 1st period - Stopped by Eddie Lack without a rebound.
10:50 of 1st period - Boyd Gordon wins face-off versus Jared Boll in BlackHawks zone.
10:50 of 1st period - Matt Read is hit by Matt Greene and loses puck.
11:03 of 1st period - Shot by Pascal Dupuis.
11:03 of 1st period - Stopped by Eddie Lack without a rebound.
11:04 of 1st period - Alex Galchenyuk wins face-off versus Jamie Benn in BlackHawks zone.
11:40 of 1st period - Alex Galchenyuk is hit by Jonathan Ericsson and loses puck.
11:54 of 1st period - Minor Penalty to Troy Brouwer for Goalie Interference.
11:55 of 1st period - Boyd Gordon wins face-off versus Lars Eller in Jets zone.
11:55 of 1st period - Boyd Gordon is hit by Douglas Murray.
12:25 of 1st period - Matt Read is hit by Douglas Murray and loses puck.
12:26 of 1st period - Matt Read from Jets is injured at 12:26 of 1st period (Bruised Left Arm).
12:27 of 1st period - Boyd Gordon wins face-off versus Alex Galchenyuk in Jets zone.
12:27 of 1st period - Boyd Gordon is hit by Chris Stewart.
12:28 of 1st period - Major / Game Misconduct Penalty to Scott Hartnell for Spearing.
12:28 of 1st period - Scott Hartnell is ejected from game.
12:29 of 1st period - Alex Galchenyuk wins face-off versus Joe Pavelski in BlackHawks zone.
13:31 of 1st period - Minor Penalty to Jamie Benn for Roughing.
13:32 of 1st period - Boyd Gordon wins face-off versus Brandon Bollig in Jets zone.
13:32 of 1st period - Boyd Gordon is hit by Brandon Bollig.
14:04 of 1st period - Corey Perry is hit by Brandon Bollig and loses puck.
14:17 of 1st period - Lars Eller is hit by Corey Perry and loses puck.
14:54 of 1st period - Shot by Martin St. Louis.
14:54 of 1st period - Shot Misses the Net.
16:33 of 1st period - Shot by Andre Benoit.
16:33 of 1st period - Shot Blocked by Alexei Emelin.
16:44 of 1st period - Icing by Joe Pavelski.
16:45 of 1st period - Joe Pavelski wins face-off versus Trevor Lewis in Jets zone.
17:18 of 1st period - Shot by Jamie Benn.
17:18 of 1st period - Shot Misses the Net.
17:20 of 1st period - Shot by Kimmo Timonen.
17:20 of 1st period - Shot Blocked by Alexei Emelin.
17:22 of 1st period - Shot by Troy Brouwer.
17:22 of 1st period - Stopped by Eddie Lack with a rebound.
17:24 of 1st period - Shot by Troy Brouwer.
17:24 of 1st period - Stopped by Eddie Lack without a rebound.
17:25 of 1st period - Joe Pavelski wins face-off versus Trevor Lewis in BlackHawks zone.
17:28 of 1st period - Shot by Martin St. Louis.
17:28 of 1st period - Stopped by Eddie Lack without a rebound.
17:29 of 1st period - Nick Bonino wins face-off versus Lars Eller in BlackHawks zone.
17:41 of 1st period - Icing by Jarred Tinordi.
17:42 of 1st period - Jamie Benn wins face-off versus Dwight King in BlackHawks zone.
18:19 of 1st period - Shot by Troy Brouwer.
18:19 of 1st period - Deflect By Jamie Benn.
18:19 of 1st period - Stopped by Eddie Lack with a rebound.
18:24 of 1st period - Icing by Lars Eller.
18:25 of 1st period - Lars Eller wins face-off versus Joe Pavelski in BlackHawks zone.
18:37 of 1st period - Icing by Corey Perry.
18:38 of 1st period - Joe Pavelski wins face-off versus Alex Galchenyuk in Jets zone.
18:38 of 1st period - Corey Perry is hit by Alex Galchenyuk.
18:39 of 1st period - Minor Penalty to Chris Stewart for Roughing.
18:40 of 1st period - Zack Smith wins face-off versus Joe Pavelski in BlackHawks zone.
19:15 of 1st period - Connor Murphy is hit by Trevor Lewis and loses puck.
19:39 of 1st period - Shot by Jamie Benn.
19:39 of 1st period - Shot Misses the Net.
Goals for this period are 1 for Jets vs 1 for BlackHawks.
Shots for this period are 17 for Jets vs 6 for BlackHawks.

2nd period


0:01 of 2nd period - Zack Smith wins face-off versus Joe Pavelski in neutral zone.
0:18 of 2nd period - Shot by Kimmo Timonen.
0:18 of 2nd period - Stopped by Eddie Lack without a rebound.
0:19 of 2nd period - Jamie Benn wins face-off versus Zack Smith in BlackHawks zone.
0:41 of 2nd period - Icing by Jarred Tinordi.
0:42 of 2nd period - Alex Galchenyuk wins face-off versus Nick Bonino in BlackHawks zone.
0:58 of 2nd period - Douglas Murray is hit by Nick Bonino and loses puck.
1:21 of 2nd period - Shot by Nick Bonino.
1:21 of 2nd period - Stopped by Eddie Lack with a rebound.
1:23 of 2nd period - Shot by Kimmo Timonen.
1:23 of 2nd period - Shot Misses the Net.
1:52 of 2nd period - Corey Perry is hit by Dion Phaneuf.
2:04 of 2nd period - Minor Penalty to Anders Lee for Interference.
2:05 of 2nd period - Lars Eller wins face-off versus Boyd Gordon in Jets zone.
2:06 of 2nd period - Shot by Nathan Horton.
2:06 of 2nd period - Stopped by Cory Schneider without a rebound.
2:07 of 2nd period - Boyd Gordon wins face-off versus Lars Eller in Jets zone.
2:12 of 2nd period - Shot by Nathan Horton.
2:12 of 2nd period - Stopped by Cory Schneider without a rebound.
2:13 of 2nd period - Boyd Gordon wins face-off versus Alex Galchenyuk in Jets zone.
2:54 of 2nd period - Shot by Jamie Benn.
2:54 of 2nd period - Shot Misses the Net.
2:56 of 2nd period - Shot by Jamie Benn.
2:56 of 2nd period - Stopped by Eddie Lack without a rebound.
2:57 of 2nd period - Boyd Gordon wins face-off versus Lars Eller in BlackHawks zone.
3:00 of 2nd period - Shot by Jonathan Ericsson.
3:00 of 2nd period - Stopped by Eddie Lack without a rebound.
3:01 of 2nd period - Boyd Gordon wins face-off versus Nathan Horton in BlackHawks zone.
3:19 of 2nd period - Icing by Lars Eller.
3:20 of 2nd period - Boyd Gordon wins face-off versus Lars Eller in BlackHawks zone.
4:04 of 2nd period - Shot by Alex Galchenyuk.
4:04 of 2nd period - Stopped by Cory Schneider without a rebound.
4:05 of 2nd period - Nick Bonino wins face-off versus Alex Galchenyuk in Jets zone.
4:40 of 2nd period - Shot by Ron Hainsey.
4:40 of 2nd period - Shot Misses the Net.
4:46 of 2nd period - Shot by Josh Bailey.
4:46 of 2nd period - Stopped by Eddie Lack without a rebound.
4:47 of 2nd period - Joe Pavelski wins face-off versus Lars Eller in BlackHawks zone.
4:57 of 2nd period - Icing by Alexei Emelin.
4:58 of 2nd period - Jamie Benn wins face-off versus Lars Eller in BlackHawks zone.
5:08 of 2nd period - Shot by Troy Brouwer.
5:08 of 2nd period - Stopped by Eddie Lack without a rebound.
5:09 of 2nd period - Lars Eller wins face-off versus Joe Pavelski in BlackHawks zone.
5:25 of 2nd period - Joe Pavelski is hit by Matt Greene and loses puck.
5:43 of 2nd period - Icing by Matt Greene.
5:44 of 2nd period - Jamie Benn wins face-off versus Lars Eller in BlackHawks zone.
5:44 of 2nd period - Andre Benoit is hit by Kevin Bieksa.
6:16 of 2nd period - Off-side.
6:17 of 2nd period - Joe Pavelski wins face-off versus Zack Smith in neutral zone.
6:25 of 2nd period - Icing by Alexei Emelin.
6:26 of 2nd period - Zack Smith wins face-off versus Joe Pavelski in BlackHawks zone.
6:56 of 2nd period - Shot by Kimmo Timonen.
6:56 of 2nd period - Shot Misses the Net.
7:07 of 2nd period - Off-side.
7:08 of 2nd period - Alex Galchenyuk wins face-off versus Jamie Benn in neutral zone.
7:10 of 2nd period - Off-side.
7:11 of 2nd period - Alex Galchenyuk wins face-off versus Jamie Benn in neutral zone.
7:29 of 2nd period - Off-side.
7:30 of 2nd period - Boyd Gordon wins face-off versus Lars Eller in neutral zone.
7:41 of 2nd period - Shot by Dwight King.
7:41 of 2nd period - Stopped by Cory Schneider without a rebound.
7:42 of 2nd period - Joe Pavelski wins face-off versus Alex Galchenyuk in Jets zone.
7:55 of 2nd period - Shot by Anders Lee.
7:55 of 2nd period - Shot Misses the Net.
8:32 of 2nd period - Minor Penalty to Dion Phaneuf for Hooking.
8:33 of 2nd period - Jamie Benn wins face-off versus Trevor Lewis in BlackHawks zone.
8:40 of 2nd period - Shot by Jason Garrison.
8:40 of 2nd period - Shot Misses the Net.
8:42 of 2nd period - Shot by Jason Garrison.
8:42 of 2nd period - Shot Misses the Net.
8:44 of 2nd period - Shot by Andre Benoit.
8:44 of 2nd period - Stopped by Eddie Lack without a rebound.
8:45 of 2nd period - Zack Smith wins face-off versus Martin St. Louis in BlackHawks zone.
8:56 of 2nd period - Shot by Andre Benoit.
8:56 of 2nd period - Shot Misses the Net.
9:05 of 2nd period - Shot by Corey Perry.
9:05 of 2nd period - Stopped by Eddie Lack with a rebound.
9:07 of 2nd period - Shot by Andre Benoit.
9:07 of 2nd period - Stopped by Eddie Lack without a rebound.
9:08 of 2nd period - Zack Smith wins face-off versus Jamie Benn in BlackHawks zone.
9:08 of 2nd period - Zack Smith is hit by Troy Brouwer.
10:02 of 2nd period - Icing by Andre Benoit.
10:03 of 2nd period - Trevor Lewis wins face-off versus Joe Pavelski in Jets zone.
10:22 of 2nd period - Icing by Jason Garrison.
10:23 of 2nd period - Trevor Lewis wins face-off versus Joe Pavelski in Jets zone.
11:50 of 2nd period - Icing by Chris Stewart.
11:51 of 2nd period - Alex Galchenyuk wins face-off versus Joe Pavelski in BlackHawks zone.
13:08 of 2nd period - Shot by Martin St. Louis.
13:08 of 2nd period - Stopped by Eddie Lack without a rebound.
13:09 of 2nd period - Lars Eller wins face-off versus Boyd Gordon in BlackHawks zone.
13:11 of 2nd period - Icing by Kevin Bieksa.
13:12 of 2nd period - Lars Eller wins face-off versus Boyd Gordon in BlackHawks zone.
13:59 of 2nd period - Shot by Nathan Horton.
13:59 of 2nd period - Shot Blocked by Pascal Dupuis.
14:31 of 2nd period - Off-side.
14:32 of 2nd period - Lars Eller wins face-off versus Nick Bonino in neutral zone.
15:51 of 2nd period - Shot by Joe Pavelski.
15:51 of 2nd period - Stopped by Eddie Lack without a rebound.
15:52 of 2nd period - Zack Smith wins face-off versus Boyd Gordon in BlackHawks zone.
15:52 of 2nd period - Zack Smith is hit by Pascal Dupuis.
16:00 of 2nd period - Shot by Nathan Horton.
16:00 of 2nd period - Shot Blocked by Kimmo Timonen.
16:08 of 2nd period - Connor Murphy is hit by Brandon Bollig and loses puck.
16:26 of 2nd period - Shot by Boyd Gordon.
16:26 of 2nd period - Stopped by Eddie Lack without a rebound.
16:27 of 2nd period - Jamie Benn wins face-off versus Alex Galchenyuk in BlackHawks zone.
16:56 of 2nd period - Shot by Alex Galchenyuk.
16:56 of 2nd period - Shot Blocked by Jonathan Ericsson.
16:59 of 2nd period - Icing by Jonathan Ericsson.
17:00 of 2nd period - Trevor Lewis wins face-off versus Troy Brouwer in Jets zone.
17:00 of 2nd period - Trevor Lewis is hit by Jonathan Ericsson.
17:03 of 2nd period - Brandon Bollig is hit by Jonathan Ericsson and loses puck.
18:02 of 2nd period - Shot by Josh Bailey.
18:02 of 2nd period - Deflect By Nick Bonino.
18:02 of 2nd period - Shot Misses the Net.
18:41 of 2nd period - Icing by Joe Pavelski.
18:42 of 2nd period - Joe Pavelski wins face-off versus Lars Eller in Jets zone.
18:44 of 2nd period - Icing by Corey Perry.
18:45 of 2nd period - Joe Pavelski wins face-off versus Alex Galchenyuk in Jets zone.
18:53 of 2nd period - Jason Garrison is hit by Alexei Emelin and loses puck.
19:23 of 2nd period - Joe Pavelski is hit by Chris Stewart.
Goals for this period are 0 for Jets vs 0 for BlackHawks.
Shots for this period are 12 for Jets vs 4 for BlackHawks.

3rd period


0:01 of 3rd period - Joe Pavelski wins face-off versus Zack Smith in neutral zone.
0:32 of 3rd period - Off-side.
0:33 of 3rd period - Jamie Benn wins face-off versus Lars Eller in neutral zone.
0:51 of 3rd period - Off-side.
0:52 of 3rd period - Brandon Bollig wins face-off versus Boyd Gordon in neutral zone.
1:05 of 3rd period - Kevin Bieksa is hit by Pascal Dupuis and loses puck.
1:10 of 3rd period - Shot by Joe Pavelski.
1:10 of 3rd period - Stopped by Eddie Lack without a rebound.
1:11 of 3rd period - Jamie Benn wins face-off versus Lars Eller in BlackHawks zone.
1:20 of 3rd period - Shot by Jamie Benn.
1:20 of 3rd period - Shot Misses the Net.
1:27 of 3rd period - Dion Phaneuf is hit by Connor Murphy and loses puck.
1:40 of 3rd period - Shot by Lars Eller.
1:40 of 3rd period - Stopped by Cory Schneider without a rebound.
1:41 of 3rd period - Zack Smith wins face-off versus Joe Pavelski in Jets zone.
1:56 of 3rd period - Shot by Joe Pavelski.
1:56 of 3rd period - Stopped by Eddie Lack without a rebound.
1:57 of 3rd period - Alex Galchenyuk wins face-off versus Nick Bonino in BlackHawks zone.
2:36 of 3rd period - Shot by Nick Bonino.
2:36 of 3rd period - Shot Misses the Net.
2:38 of 3rd period - Shot by Nick Bonino.
2:38 of 3rd period - Stopped by Eddie Lack without a rebound.
2:39 of 3rd period - Joe Pavelski wins face-off versus Lars Eller in BlackHawks zone.
3:20 of 3rd period - Shot by Corey Perry.
3:20 of 3rd period - Stopped by Eddie Lack with a rebound.
4:57 of 3rd period - Joe Pavelski is hit by Matt Greene and loses puck.
5:13 of 3rd period - Minor Penalty to Matt Greene for Interference.
5:14 of 3rd period - Zack Smith wins face-off versus Anders Lee in BlackHawks zone.
5:37 of 3rd period - Shot by Anders Lee.
5:37 of 3rd period - Stopped by Eddie Lack with a rebound.
5:44 of 3rd period - Icing by Kimmo Timonen.
5:45 of 3rd period - Zack Smith wins face-off versus Jamie Benn in Jets zone.
6:43 of 3rd period - Shot by Joe Pavelski.
6:43 of 3rd period - Stopped by Eddie Lack without a rebound.
6:44 of 3rd period - Trevor Lewis wins face-off versus Joe Pavelski in BlackHawks zone.
6:59 of 3rd period - Shot by Corey Perry.
6:59 of 3rd period - Stopped by Eddie Lack without a rebound.
7:00 of 3rd period - Jamie Benn wins face-off versus Zack Smith in BlackHawks zone.
7:07 of 3rd period - Shot by Troy Brouwer.
7:07 of 3rd period - Stopped by Eddie Lack without a rebound.
7:08 of 3rd period - Joe Pavelski wins face-off versus Zack Smith in BlackHawks zone.
7:11 of 3rd period - Shot by Corey Perry.
7:11 of 3rd period - Stopped by Eddie Lack with a rebound.
7:23 of 3rd period - Shot by Chris Stewart.
7:23 of 3rd period - Stopped by Cory Schneider without a rebound.
7:24 of 3rd period - Lars Eller wins face-off versus Jamie Benn in Jets zone.
7:30 of 3rd period - Dwight King is hit by Ron Hainsey and loses puck.
7:48 of 3rd period - Dwight King is hit by Troy Brouwer.
7:49 of 3rd period - Minor Penalty to Ron Hainsey for Hooking.
7:50 of 3rd period - Alex Galchenyuk wins face-off versus Boyd Gordon in Jets zone.
8:11 of 3rd period - Martin St. Louis is hit by Chris Stewart.
9:29 of 3rd period - Shot by Kevin Bieksa.
9:29 of 3rd period - Shot Misses the Net.
9:31 of 3rd period - Shot by Dion Phaneuf.
9:31 of 3rd period - Shot Misses the Net.
9:39 of 3rd period - Shot by Dion Phaneuf.
9:39 of 3rd period - Shot Misses the Net.
10:00 of 3rd period - Off-side.
10:01 of 3rd period - Trevor Lewis wins face-off versus Joe Pavelski in neutral zone.
10:03 of 3rd period - Jarred Tinordi is hit by Nicklas Grossmann and loses puck.
10:14 of 3rd period - Shot by Corey Perry.
10:14 of 3rd period - Stopped by Eddie Lack without a rebound.
10:15 of 3rd period - Nick Bonino wins face-off versus Lars Eller in BlackHawks zone.
10:36 of 3rd period - Dwight King is hit by Ron Hainsey and loses puck.
11:43 of 3rd period - Shot by Corey Perry.
11:43 of 3rd period - Shot Blocked by Douglas Murray.
11:45 of 3rd period - Shot by Jonathan Ericsson.
11:45 of 3rd period - Stopped by Eddie Lack without a rebound.
11:46 of 3rd period - Lars Eller wins face-off versus Jamie Benn in BlackHawks zone.
12:11 of 3rd period - Troy Brouwer is hit by Matt Greene and loses puck.
12:33 of 3rd period - Icing by Kevin Bieksa.
12:34 of 3rd period - Joe Pavelski wins face-off versus Lars Eller in BlackHawks zone.
12:34 of 3rd period - Andre Benoit is hit by Matt Greene and loses puck.
12:40 of 3rd period - Minor Penalty to Jonathan Ericsson for Hooking.
12:41 of 3rd period - Jamie Benn wins face-off versus Alex Galchenyuk in Jets zone.
12:54 of 3rd period - Shot by Alex Galchenyuk.
12:54 of 3rd period - Shot Misses the Net.
13:04 of 3rd period - Shot by Martin St. Louis.
13:04 of 3rd period - Deflect By Boyd Gordon.
13:04 of 3rd period - Shot Blocked by Kevin Bieksa.
13:12 of 3rd period - Shot by Andre Benoit.
13:12 of 3rd period - Shot Blocked by Dion Phaneuf.
14:04 of 3rd period - Shot by Nathan Horton.
14:04 of 3rd period - Stopped by Cory Schneider without a rebound.
14:05 of 3rd period - Alex Galchenyuk wins face-off versus Jamie Benn in Jets zone.
14:15 of 3rd period - Icing by Dwight King.
14:16 of 3rd period - Boyd Gordon wins face-off versus Alex Galchenyuk in BlackHawks zone.
14:51 of 3rd period - Josh Bailey is hit by Jarred Tinordi and loses puck.
14:54 of 3rd period - Shot by Jason Garrison.
14:54 of 3rd period - Shot Blocked by Jarred Tinordi.
14:56 of 3rd period - Shot by Josh Bailey.
14:56 of 3rd period - Shot Misses the Net.
14:58 of 3rd period - Shot by Pascal Dupuis.
14:58 of 3rd period - Shot Blocked by Luke Schenn.
15:10 of 3rd period - Ron Hainsey is hit by Zack Smith and loses puck.
15:12 of 3rd period - Minor Penalty to Zack Smith for Hooking.
15:13 of 3rd period - Jamie Benn wins face-off versus Trevor Lewis in BlackHawks zone.
15:26 of 3rd period - Shot by Anders Lee.
15:26 of 3rd period - Shot Blocked by Trevor Lewis.
15:30 of 3rd period - Shot by Troy Brouwer.
15:30 of 3rd period - Shot Misses the Net.
15:40 of 3rd period - Shot by Jamie Benn.
15:40 of 3rd period - Deflect By Anders Lee.
15:40 of 3rd period - Shot Misses the Net.
15:42 of 3rd period - Shot by Troy Brouwer.
15:42 of 3rd period - Stopped by Eddie Lack with a rebound.
15:44 of 3rd period - Shot by Anders Lee.
15:44 of 3rd period - Deflect By Jamie Benn.
15:44 of 3rd period - Shot Misses the Net.
15:46 of 3rd period - Shot by Troy Brouwer.
15:46 of 3rd period - Shot Hit the Post.
15:48 of 3rd period - Shot by Jamie Benn.
15:48 of 3rd period - Shot Misses the Net.
15:50 of 3rd period - Shot by Troy Brouwer.
15:50 of 3rd period - Shot Misses the Net.
15:52 of 3rd period - Shot by Kimmo Timonen.
15:52 of 3rd period - Stopped by Eddie Lack without a rebound.
15:53 of 3rd period - Joe Pavelski wins face-off versus Alex Galchenyuk in BlackHawks zone.
15:53 of 3rd period - Joe Pavelski is hit by Dion Phaneuf.
16:21 of 3rd period - Shot by Jason Garrison.
16:21 of 3rd period - Goal by Jason Garrison - Jets : 2 - BlackHawks : 1.
16:22 of 3rd period - Boyd Gordon wins face-off versus Lars Eller in neutral zone.
16:24 of 3rd period - Joe Pavelski is hit by Luke Schenn and loses puck.
16:50 of 3rd period - Shot by Joe Pavelski.
16:50 of 3rd period - Stopped by Eddie Lack without a rebound.
16:51 of 3rd period - Jamie Benn wins face-off versus Chris Stewart in BlackHawks zone.
16:54 of 3rd period - Shot by Martin St. Louis.
16:54 of 3rd period - Shot Blocked by Alexei Emelin.
17:18 of 3rd period - Icing by Dion Phaneuf.
17:19 of 3rd period - Alex Galchenyuk wins face-off versus Nick Bonino in BlackHawks zone.
17:38 of 3rd period - Icing by Dion Phaneuf.
17:39 of 3rd period - Brandon Bollig wins face-off versus Joe Pavelski in BlackHawks zone.
18:02 of 3rd period - Shot by Joe Pavelski.
18:02 of 3rd period - Stopped by Eddie Lack without a rebound.
18:03 of 3rd period - Lars Eller wins face-off versus Jamie Benn in BlackHawks zone.
18:20 of 3rd period - Shot by Jamie Benn.
18:20 of 3rd period - Shot Misses the Net.
18:36 of 3rd period - BlackHawks, Eddie Lack is pulled from the net.
18:41 of 3rd period - Jamie Benn is hit by Matt Greene and loses puck.
19:05 of 3rd period - Jonathan Ericsson is hit by Jared Boll and loses puck.
19:24 of 3rd period - Shot by Jonathan Ericsson.
19:24 of 3rd period - Goal by Jonathan Ericsson - Jets : 3 - BlackHawks : 1.
19:24 of 3rd period - Eddie Lack from BlackHawks was sent back in the game.
19:25 of 3rd period - Boyd Gordon wins face-off versus Chris Stewart in neutral zone.
19:50 of 3rd period - Shot by Dion Phaneuf.
19:50 of 3rd period - Shot Misses the Net.
19:52 of 3rd period - Shot by Alexei Emelin.
19:52 of 3rd period - Deflect By Chris Stewart.
19:52 of 3rd period - Shot Misses the Net.
Goals for this period are 2 for Jets vs 0 for BlackHawks.
Shots for this period are 17 for Jets vs 3 for BlackHawks.


Output by the SimonT Hockey Simulator (STHS) for Stephane Roy -- Original Page W3C XHTML 1.0 Valid
Hockey Simulator - Hockey Simulation - Hockey Manager